 Dungeon Crawl Stone Soup version 0.29-a0-364-g921d912d32 (webtiles) character file.

Game seed: 14059788376304385899

4 terff the Chopper (level 1, -2/19 (20) HPs)
             Began as a Hill Orc Monk on Apr 30, 2022.
             Slain by a hobgoblin (4 damage)
             ... on level 1 of the Dungeon.
             The game lasted 00:00:13 (70 turns).

terff the Chopper (Hill Orc Monk)                     Turns: 70, Time: 00:00:13

HP:   -2/19 (20)    AC:  2    Str: 13    XL:     1   Next: 60%
MP:   1/1           EV: 12    Int: 10    God:
Gold: 0             SH:  0    Dex: 13    Spells: 0/0 levels left

rFire   . . .      SeeInvis .   a - +0 hand axe
rCold   . . .      Faith    .   (no shield)
rNeg    . . .      Spirit   .   b - +0 robe
rPois   .          Reflect  .   (no helmet)
rElec   .          Harm     .   (no cloak)
rCorr   .          Rampage  .   (no gloves)
Will    .....                   (no boots)
Stlth   ++........              (no amulet)
HPRegen 0.06/turn               (no ring)
MPRegen 0.07/turn               (no ring)

@: drained
A: no striking features
a: no special abilities


You were on level 1 of the Dungeon.
You visited 1 branch of the dungeon, and saw 1 of its levels.

Inventory:

Hand Weapons
 a - a +0 hand axe (weapon)
 d - a +0 dagger of draining
Armour
 b - a +0 robe (worn)
Potions
 c - a potion of ambrosia


   Skills:
 + Level 3.7 Fighting
 + Level 4.2 Axes
 + Level 2.4 Dodging
 + Level 1.5 Stealth


You couldn't memorise any spells.
You didn't know any spells.
Your spell library was empty.

Dungeon Overview and Level Annotations

Branches:
Dungeon (1/15)

Altars:


Message History

You hit the hobgoblin. The hobgoblin hits you.
The giant cockroach barely misses you. The hobgoblin barely misses you.
You hit the giant cockroach.
The giant cockroach is almost dead.
You barely miss the hobgoblin.
The giant cockroach bites you but does no damage.
The hobgoblin closely misses you.
You closely miss the giant cockroach.
The giant cockroach is almost dead.
You hit the hobgoblin but do no damage. The giant cockroach bites you.
The hobgoblin closely misses you. The giant cockroach barely misses you.
You hit the giant cockroach.
You kill the giant cockroach!
You hit the hobgoblin but do no damage. You hit the rat but do no damage.
The rat barely misses you. The hobgoblin hits you.
* * * LOW HITPOINT WARNING * * *
You barely miss the hobgoblin.
The hobgoblin is heavily wounded.
You closely miss the rat. The rat bites you.
* * * LOW HITPOINT WARNING * * *
The hobgoblin closely misses you.
You barely miss the hobgoblin.
The hobgoblin is heavily wounded.
You closely miss the rat. The rat barely misses you. The hobgoblin misses you.
You hit the hobgoblin.
The hobgoblin is severely wounded.
You closely miss the rat. The rat barely misses you. The hobgoblin hits you.
* * * LOW HITPOINT WARNING * * *
You hit the hobgoblin.
The hobgoblin is almost dead.
You closely miss the rat. The rat barely misses you. The hobgoblin misses you.
You barely miss the hobgoblin.
The hobgoblin is almost dead.
You hit the rat. The rat barely misses you. The hobgoblin misses you.
You hit the hobgoblin but do no damage.
The hobgoblin is almost dead.
You hit the rat but do no damage. The rat bites you.
* * * LOW HITPOINT WARNING * * *
The hobgoblin hits you.
You die...

....###########.####
.........# #..#
######.....##.# #.##
#.)......#.##†# ##.#####
#........#.##.# #.......
#..##....#.##.###.######
...............##.#
...##..g.#.##..##.#
......†@.#.#...†..#
..##..r......#.####
#..........#.#
#...[..#...#.#
..............#
≈.≈≈≈≈≈..#...###
≈.≈≈≈≈≈........
≈.≈≈≈≈≈..##..##


You could see a hobgoblin and a rat.

Vanquished Creatures
  A giant cockroach (D:1)
  A kobold (D:1)
  A frilled lizard (D:1)
  A rat (D:1)
4 creatures vanquished.

Notes
Turn   | Place    | Note
-------+----------+-------------------------------------------
     0 | D:1      | terff the Hill Orc Monk began the quest for the Orb.
     0 | D:1      | Reached XP level 1. HP: 19/19 MP: 1/1
    70 | D:1      | Slain by a hobgoblin

Illustrated notes

Levels and vault maps discovered:
D:1:      dpeg_arrival_lava_temple_mockup, layout_basic, minivault_14

Action                   || total
-------------------------++-------
Melee: Hand axe          ||    19
       Punch             ||     1
Armor: Robe              ||     1
Dodge: Dodged            ||    22

Table legend: (Time is in decaauts)
 A = Elapsed time spent in this place.
 B = Non-inter-level travel time spent in this place.
 C = Inter-level travel time spent in this place.
 D = Time resting spent in this place.
 E = Time spent auto-exploring this place.
 F = Levels seen in this place.
 G = Mean time per level.
                   A        B        C        D        E       F      G
               +--------+--------+--------+--------+--------+-----+--------+
         Total |     71 |     71 |      0 |      0 |     28 |   1 |   71.0 |
       Dungeon |     71 |     71 |      0 |      0 |     28 |   1 |   71.0 |
               +--------+--------+--------+--------+--------+-----+--------+

Top non-repeatable levels by time:
     D:1: 71 daAuts
